 Dungeon Crawl Stone Soup version 0.23-a0-147-g7935be9 (webtiles) character file.

227 rayofluck the Ruffian (level 5, -2/41 HPs)
             Began as a Demonspawn Berserker on Sept 6, 2018.
             Was a Priest of Trog.
             Killed by nerve-wracking pain
             ... invoked by a shadow imp
              (5 damage)
             ... on level 4 of the Dungeon.
             The game lasted 00:16:52 (3092 turns).

rayofluck the Ruffian (Demonspawn Berserker)        Turns: 3092, Time: 00:16:53

Health: -2/41      AC:  2    Str: 18    XL:     5   Next: 70%
Magic:  5/5        EV: 11    Int:  8    God:    Trog [***...]
Gold:   225        SH:  5    Dex: 13    Spells: 4/4 levels left

rFire    . . .     SeeInvis .     - Unarmed
rCold    . . .     Gourm    .   b - +2 buckler
rNeg     . . .     Faith    .   a - +0 animal skin
rPois    .         Spirit   .   (helmet restricted)
rElec    .         Reflect  .   (no cloak)
rCorr    .         Harm     .   (no gloves)
MR       .....                  (no boots)
Stlth    +.........             (no amulet)
HPRegen  0.13/turn              (no ring)
MPRegen  0.09/turn              (no ring)

@: berserk cooldown, slowed, very slow
A: claws 1, horns 1, rot immunity
a: Berserk, Trog's Hand, Renounce Religion


You were on level 4 of the Dungeon.
You worshipped Trog.
Trog was most pleased with you.
You were very hungry.

You visited 1 branch of the dungeon, and saw 4 of its levels.

You collected 225 gold pieces.

Inventory:

Armour
 a - a +0 animal skin (worn)
 b - a +2 buckler (worn)
Wands
 c - a wand of paralysis (11)
Scrolls
 f - 6 scrolls of remove curse
 k - 7 scrolls of identify {unknown}
 l - 2 scrolls of teleportation {unknown}
 m - 5 scrolls of amnesia {unknown}
 o - a scroll of magic mapping {unknown}
Potions
 d - a potion of brilliance {unknown}
 e - a potion of might {unknown}
 g - 2 potions of curing
 h - 2 potions of heal wounds {unknown}
 i - 3 potions of flight {unknown}
 j - a potion of resistance {unknown}
 n - a potion of haste {unknown}
Comestibles
 p - 5 rations


   Skills:
 - Level 3.0 Fighting
 - Level 1.7 Armour
 - Level 1.7 Dodging
 + Level 5.9 Unarmed Combat


You had 4 spell levels left.
You didn't know any spells.
Your spell library was empty.

Dungeon Overview and Level Annotations

Branches:
Dungeon (4/15)
 Temple: D:4-7

Altars:
Fedhas
Gozag


Innate Abilities, Weirdness & Mutations

You have sharp fingernails.
You have a pair of small horns on your head.
You are immune to rotting.


Message History

There is a stone staircase leading up, spattered with blood here.
The giant cockroach bites you but does no damage.
The shadow imp hits you.
* * * LOW HITPOINT WARNING * * *
The giant cockroach bites you.
* * * LOW HITPOINT WARNING * * *
All of the chunks of flesh in your inventory have rotted away.
You climb upwards.
There is a stone staircase leading down here.
The shadow imp barely misses you. The giant cockroach barely misses you.
The shadow imp hits you.
* * * LOW HITPOINT WARNING * * *
The giant cockroach barely misses you.
You climb downwards.
There is a stone staircase leading up, spattered with blood here.
The giant cockroach bites you.
* * * LOW HITPOINT WARNING * * *
The shadow imp gestures at you. Pain shoots through your body!
You die...

#.>. ......#........#
##.####..............##
#.. #.##............#
##..###.##.............
#............(.......<.
#......................
#..........##..........
##....s....###.........
#....@5...# #...(.....
#.........# #.........
#...........##.........
...............#.........
.##............#.........
#............###.P.P...
##..........## #.._....
..........## #.P.P...
#.......


You could see a shadow imp and a giant cockroach.

Vanquished Creatures
  A scorpion (D:4)
  Ijyb (D:3)
  An iguana (D:4)
  A worker ant (D:4)
  A worker ant zombie (D:3)
  3 adders
  An ooze (D:3)
  An adder zombie (D:3)
  2 worms
  A dart slug (D:1)
  2 leopard geckos (D:3)
  2 ball pythons
  A giant cockroach (D:3)
  8 goblins
  3 hobgoblins
  4 jackals
  6 bats
  4 frilled lizards
  4 kobolds
  2 leopard gecko skeletons (D:3)
  2 leopard gecko zombies (D:3)
  7 rats
58 creatures vanquished.

Notes
Turn   | Place    | Note
-------+----------+-------------------------------------------
     0 | D:1      | rayofluck the Demonspawn Berserker began the quest for the
                  | Orb.
     0 | D:1      | Reached XP level 1. HP: 18/18 MP: 1/1
    41 | D:1      | Reached skill level 3 in Unarmed Combat
   349 | D:1      | Gained mutation: You have a pair of small horns on your
                  | head. [demonic ancestry]
   349 | D:1      | Reached XP level 2. HP: 17/24 MP: 2/2
  1347 | D:2      | Reached ** piety under Trog
  1347 | D:2      | Reached XP level 3. HP: 26/29 MP: 3/3
  1500 | D:2      | Reached skill level 4 in Unarmed Combat
  1754 | D:3      | Noticed Ijyb
  1784 | D:3      | Paralysed by Ijyb for 6 turns
  1794 | D:3      | Killed Ijyb
  1794 | D:3      | Gained mutation: You have sharp fingernails. [demonic
                  | ancestry]
  1794 | D:3      | Reached XP level 4. HP: 31/35 MP: 4/4
  2050 | D:2      | Found an opulent altar of Gozag.
  2573 | D:3      | Reached skill level 5 in Unarmed Combat
  2861 | D:4      | Gained mutation: You are immune to rotting. [demonic
                  | ancestry]
  2861 | D:4      | Reached XP level 5. HP: 41/41 MP: 5/5
  2864 | D:4      | Reached *** piety under Trog
  3055 | D:4      | Found a blossoming altar of Fedhas.
  3092 | D:4      | Killed from afar by a shadow imp

Vault maps used:
D:1:      co_arrival_random_square_maze, minmay_misc_feat_cross,
          minmay_pentomino_o2
D:2:      nicolae_gozag_seed_capital
D:3:      serial_undead, serial_undead_e, serial_undead_e, serial_undead_f,
          serial_undead_a, serial_undead_e, serial_undead_c, first_ration,
          minmay_misc_feat_doors, uniq_ijyb
D:4:      fedhas_altar_1, nicolae_overflow_crystal_walls

Skill      XL: |  1  2  3  4 |
---------------+-------------+-----
Unarmed Combat | 3 4 5 |  5.9
Fighting       | |  3.0
Armour         | |  1.7
Dodging        | |  1.7

Action                   |  1- 3 |  4- 6 || total
-------------------------+-------+-------++-------
Melee: Unarmed           |    92 |    84 ||   176
       Headbutt          |    11 |    20 ||    31
       Punch             |     1 |       ||     1
Invok: Berserk           |     5 |     6 ||    11
  Use: Scroll            |     3 |     1 ||     4
  Eat: Chunk             |     7 |     5 ||    12
       Ration            |       |     1 ||     1
Armor: Animal skin       |    15 |    11 ||    26
Dodge: Dodged            |    42 |    41 ||    83
Block: Buckler           |       |    20 ||    20

Table legend:
 A = Non-vault XP
 B = Vault XP
 C = Vault XP percentage of total XP
 D = Non-vault monster count
 E = Vault monster count
 F = Vault count percentage of total count
                 A         B        C        D         E       F
            +---------+---------+-------+---------+---------+-------
      Total |     258 |      67 |  20.6 |      49 |       9 |  15.5
            +---------+---------+-------+---------+---------+-------
        D:1 |      26 |       5 |  16.1 |      17 |       2 |  10.5
        D:2 |      34 |       0 |   0.0 |      12 |       0 |   0.0
        D:3 |      61 |      62 |  50.4 |      15 |       7 |  31.8
        D:4 |     137 |       0 |   0.0 |       5 |       0 |   0.0
            +---------+---------+-------+---------+---------+-------
